 Dungeon Crawl Stone Soup version 0.29.1-12-g30fa7ad0bf (webtiles) character file.

Game seed: 8487862476397510718

3 hawla the Firebug (level 1, -3/14 HPs)
             Began as a Meteoran Fire Elementalist on Jan 14, 2023.
             Killed from afar by an orc wizard (10 damage)
             ... with a puff of flame
             ... on level 3 of the Dungeon.
             The game lasted 00:00:38 (275 turns).

hawla the Firebug (Meteoran Fire Elementalist)       Turns: 275, Time: 00:00:38

Health: -3/14      AC:  2    Str:  9    XL:     1   Next: 71%
Magic:  5/5        EV: 12    Int: 16    God:
Gold:   47         SH:  0    Dex: 14    Spells: 4/5 levels left

rFire   . . .      SeeInvis .   (no weapon)
rCold   . . .      Faith    .   (no shield)
rNeg    . . .      Spirit   .   a - +0 robe
rPois   .          Reflect  .   (no helmet)
rElec   .          Harm     .   (no cloak)
rCorr   .          Rampage  .   (no gloves)
Will    .....                   (no boots)
Stlth   +.........              (no amulet)
HPRegen 0.04/turn               (no ring)
MPRegen 0.09/turn               (no ring)

@: glowing
A: sense surroundings 1, otherworldly, glowing, explore regen
a: no special abilities


You were on level 3 of the Dungeon.
You visited 1 branch of the dungeon, and saw 3 of its levels.

You collected 47 gold pieces.

Inventory:

Armour
 a - a +0 robe (worn)
Potions
 b - a potion of magic


   Skills:
 + Level 2.6 Dodging
 - Level 1.4 Stealth
 + Level 2.7 Spellcasting
 + Level 1.2 Conjurations
 + Level 3.7 Fire Magic


You had 4 spell levels left.
You knew the following spells:

 Your Spells              Type           Power      Damage    Failure   Level
a - Foxfire               Conj/Fire      40%        2x1d6     7%          1

Your spell library contained the following spells:

 Spells                   Type           Power      Damage    Failure   Level
 Scorch                   Fire           28%        2d6       6%          2
 Conjure Flame            Conj/Fire      10%        6-21      21%         3
 Inner Flame              Hex/Fire       8%         N/A       26%         3
 Flame Wave               Conj/Fire      10%        2d6       56%         4


Dungeon Overview and Level Annotations

Branches:
Dungeon (3/15) Zot: 1517

Altars:


Innate Abilities, Weirdness & Mutations

You passively map a small area around you.
You are easily found by Zot.
You glow in the dark.
You regain HP and MP as you explore.


Message History

The quokka is severely wounded.
The quokka bites you.
Casting: Foxfire (safe; 7% risk of failure)
Confirm with . or Enter, or press ? or * to list all spells.
You conjure some foxfire!
The quokka bites you.
You miss the quokka.
The quokka is severely wounded.
The foxfire hits the quokka.
The quokka is almost dead.
The foxfire hits the quokka.
You kill the quokka!
You see here a quokka corpse.
Magic restored.
You open the door.
There is an open door here.
You open the door.
There is an open door here.
Found 4 stones.
There is an open door here.
There is an open door here.
An endoplasm comes into view.
An orc priest and an orc wizard come into view.
The orc priest shouts!
The orc wizard shouts!
The endoplasm quivers. 2 orcs come into view.
The orc shouts! x2
An orc priest comes into view. It is wielding a +0 trident.
There is an open door here.
The orc priest shouts!
The orc priest looks satisfied for a moment.
The endoplasm attacks as you move away! The endoplasm closely misses you.
The orc priest mumbles some strange prayers to Beogh against you.
Beogh smites you!
Ouch! That really hurt!
The orc priest looks braver for a moment.
There is an open door here.
The orc wizard gestures at you while chanting.
The puff of flame hits you!
Ouch! That really hurt!
You die...

, ,, #.##... #, #...... #.
,### ####### , ##'# ..# ,
##...# #.# * #.....#
####.# .......## ##.##.# #
.o....o.####.....#########
'
...ooo.J'@................
........####...###########
, .......## #..## # ,
#.....# #.## , ##...# #.#
##+# #.# # #.# ## * * #.#
#. *, ,, #.# ##


You could see an orc priest, an orc wizard, 2 orcs and an endoplasm.

Vanquished Creatures
  A kobold (D:1)
  A quokka (D:3)
  A ball python (D:3)
3 creatures vanquished.

Vanquished Creatures (others)
  10 foxfires
10 creatures vanquished.

Grand Total: 13 creatures vanquished

Notes
Turn   | Place    | Note
-------+----------+-------------------------------------------
     0 | D:1      | hawla the Meteoran Fire Elementalist began the quest for
                  | the Orb.
     0 | D:1      | Reached XP level 1. HP: 14/14 MP: 5/5
    43 | D:1      | You fall into a shaft and drop 1 floor!
   271 | D:3      | Noticed an orc priest
   271 | D:3      | Noticed an orc wizard
   272 | D:3      | Noticed an orc priest
   275 | D:3      | Killed from afar by an orc wizard

Illustrated notes

Levels and vault maps discovered:
D:1:      ncdulo_wetmaze, layout_basic, minmay_pentomino_o4
D:2:      layout_basic, hellmonk_ecumenical_altar_arch_garden, st_stairs_1
D:3:      layout_loops_corners

Action                   || total
-------------------------++-------
Melee: Unarmed           ||     6
 Cast: Foxfire           ||     5
Armor: Robe              ||     1
Dodge: Dodged            ||     6
